 Dungeon Crawl Stone Soup version 0.30-a0-986-g7f2e898f52 (webtiles) character file.

Game seed: 8291571966325687249

686 Sobieck the Shooter (level 7, -3/55 HPs)
             Began as a Mummy Hunter on Apr 1, 2023.
             Killed from afar by Ijyb (7 damage)
             ... with an iceblast
             ... on level 4 of the Dungeon.
             The game lasted 00:06:21 (2824 turns).

Sobieck the Shooter (Mummy Hunter)                  Turns: 2824, Time: 00:06:22

Health: -3/55      AC:  3    Str: 14    XL:     7   Next: 35%
Magic:  7/7        EV: 13    Int:  9    God:
Gold:   113        SH:  0    Dex: 17    Spells: 6/6 levels left

rFire   x . .      SeeInvis .    a - +0 shortbow {bow}
rCold   + . .      Faith    +    (shield currently unavailable)
rNeg    + + +      Spirit   .    c - +0 leather armour
rPois   ∞          Reflect  .    (no helmet)
rElec   .          Rampage  .    (no cloak)
rCorr   .                        (no gloves)
Will    .....                    (no boots)
Stlth   ++                       (no amulet)
HPRegen 0.29/turn                (no ring)
MPRegen 0.10/turn                (no ring)

@: about to teleport
A: cold resistance 1, negative energy resistance 3, torment resistance 2, heat
vulnerability 1, in touch with death 1, no potions, faith
a: no special abilities


You were on level 4 of the Dungeon.
You visited 1 branch of the dungeon, and saw 6 of its levels.

You collected 133 gold pieces.
You spent 20 gold pieces at shops.


Innate Abilities, Weirdness & Mutations

You are immune to poison.
Your flesh is cold resistant. (rC+)
You are immune to negative energy. (rN+++)
You are immune to unholy pain and torment.
You are vulnerable to heat. (rF-)
You are in touch with the powers of death.
You do not drink.
You have a special connection with the divine. (Faith)


   Skills:
 + Level 4.4 Fighting
 * Level 5.8 Ranged Weapons
 + Level 3.6 Dodging
 - Level 0.7 Stealth


You had 6 spell levels left.
You didn't know any spells.
Your spell library contained the following spells:

 Spells                   Type           Power      Damage    Failure   Level
 Summon Small Mammal      Summ           0%         N/A       45%         1
 Ensorcelled Hibernation  Hex/Ice        0%         N/A       61%         2
 Passwall                 Tmut/Erth      0%         N/A       61%         2
 Call Canine Familiar     Summ           0%         N/A       83%         3
 Summon Guardian Golem    Hex/Summ       0%         N/A       83%         3
 Swiftness                Air            0%         N/A       83%         3
 Orb of Destruction       Conj           0%         9d5       100%        7
 Spellforged Servitor     Conj/Summ      0%         N/A       100%        7

Inventory:

Hand Weapons
 a - a +0 shortbow (weapon) {bow}
Missiles
 e - 9 stones {throwing}
 l - 3 javelins {throwing}
Armour
 c - a +0 leather armour (worn)
 d - a +0 scale mail
   (You found it on level 1 of the Dungeon)
 h - a +0 plate armour
   (You found it on level 1 of the Dungeon)
 m - a +0 robe
   (You found it on level 2 of the Dungeon)
 p - a +0 leather armour
   (You took it off an orc on level 5 of the Dungeon)
 q - a +0 leather armour
   (You found it on level 5 of the Dungeon)
Jewellery
 n - a ring of fire
   (You found it on level 2 of the Dungeon)
Scrolls
 b - 2 scrolls of immolation {!r!r}
 f - a scroll of teleportation {@r4}
 g - a scroll of fog {unknown}
 i - a scroll of noise {unknown}
 j - a scroll of brand weapon {unknown}
 k - a scroll of amnesia {unknown}
 o - a scroll of enchant weapon {unknown}
 r - a scroll of fear {unknown}

Dungeon Overview and Level Annotations

Branches:
Dungeon (6/15) Zot: 26455
 Temple: D:4-7

Altars:
Dithmenos
Trog

Shops:
D:1 *:=::

Annotations:
D:4 Ijyb

###..# #.......#
###..# #.#####.#
.....##########.##
#.#
###..............#
#.#)#
#.###########†.#
#.#.#
###.###########..#
#.#.#
.................#
#.#.#
....############.#
#.#.# ##### #@#
#.#.# #.####.#.###
#.g........#
######.##..# #.#
..# #.# ..# #.#
..# ..# ..# #..
...


You could see Ijyb.


Message History

The arrow hits the sleepcap but does no damage.
The sleepcap closely misses you.
Fire: a) +0 shortbow {bow}
Press: ? - help, Q - select action, (/) - cycle Shift-Dir - straight line, f/p - sleepcap
Aim: a sleepcap (almost destroyed, 98% to hit)
You shoot an arrow.
The arrow hits the sleepcap but does no damage.
The sleepcap closely misses you.
Fire: a) +0 shortbow {bow}
Press: ? - help, Q - select action, (/) - cycle Shift-Dir - straight line, f/p - sleepcap
Aim: a sleepcap (almost destroyed, 98% to hit)
You shoot an arrow. The arrow hits the sleepcap.
You destroy the sleepcap!
Ijyb barely misses you.
Fire: a) +0 shortbow {bow}
Press: ? - help, Q - select action, (/) - cycle Shift-Dir - straight line, f - Ijyb
Aim: Ijyb, wielding a +0 dagger of holy wrath, wearing a +0 scale mail and carrying a wand of iceblast (9) (61% to hit)
You shoot an arrow. The arrow hits Ijyb.
Ijyb hits you with a +0 dagger of holy wrath.
* * * LOW HITPOINT WARNING * * *
You convulse.
* * * LOW HITPOINT WARNING * * *
Fire: a) +0 shortbow {bow}
Press: ? - help, Q - select action, (/) - cycle Shift-Dir - straight line, f/p - Ijyb
Aim: Ijyb, wielding a +0 dagger of holy wrath, wearing a +0 scale mail and carrying a wand of iceblast (9) (moderately wounded, 61% to hit)
You shoot an arrow. The arrow barely misses Ijyb.
Ijyb hits you with a +0 dagger of holy wrath.
* * * LOW HITPOINT WARNING * * *
You convulse.
* * * LOW HITPOINT WARNING * * *
Fire: a) +0 shortbow {bow}
Press: ? - help, Q - select action, (/) - cycle Shift-Dir - straight line, f/p - Ijyb
Aim: Ijyb, wielding a +0 dagger of holy wrath, wearing a +0 scale mail and carrying a wand of iceblast (9) (moderately wounded, 61% to hit)
You shoot an arrow. The arrow hits Ijyb but does no damage.
Ijyb hits you with a +0 dagger of holy wrath.
* * * LOW HITPOINT WARNING * * *
You convulse.
* * * LOW HITPOINT WARNING * * *
Fire: a) +0 shortbow {bow}
Press: ? - help, Q - select action, (/) - cycle Shift-Dir - straight line, f/p - Ijyb
Aim: Ijyb, wielding a +0 dagger of holy wrath, wearing a +0 scale mail and carrying a wand of iceblast (9) (moderately wounded, 61% to hit)
You shoot an arrow. The arrow hits Ijyb but does no damage.
Ijyb hits you with a +0 dagger of holy wrath.
* * * LOW HITPOINT WARNING * * *
You convulse.
* * * LOW HITPOINT WARNING * * *
Ijyb hits you but does no damage.
You aren't carrying any items that you can evoke.
Fire: a) +0 shortbow {bow}
Press: ? - help, Q - select action, (/) - cycle Shift-Dir - straight line, f/p - Ijyb
Aim: Ijyb, wielding a +0 dagger of holy wrath, wearing a +0 scale mail and carrying a wand of iceblast (9) (moderately wounded, 61% to hit)
You shoot an arrow. The arrow hits Ijyb but does no damage.
Ijyb misses you.
Unknown command.
Fire: a) +0 shortbow {bow}
Press: ? - help, Q - select action, (/) - cycle Shift-Dir - straight line, f/p - Ijyb
Aim: Ijyb, wielding a +0 dagger of holy wrath, wearing a +0 scale mail and carrying a wand of iceblast (9) (moderately wounded, 61% to hit)
You shoot an arrow. The arrow closely misses Ijyb.
Ijyb barely misses you.
Unknown command.
Fire: a) +0 shortbow {bow}
Press: ? - help, Q - select action, (/) - cycle Shift-Dir - straight line, f/p - Ijyb
Aim: Ijyb, wielding a +0 dagger of holy wrath, wearing a +0 scale mail and carrying a wand of iceblast (9) (moderately wounded, 61% to hit)
You shoot an arrow. The arrow closely misses Ijyb.
Ijyb hits you with a +0 dagger of holy wrath.
* * * LOW HITPOINT WARNING * * *
You convulse.
* * * LOW HITPOINT WARNING * * *
Fire: a) +0 shortbow {bow}
Press: ? - help, Q - select action, (/) - cycle Shift-Dir - straight line, f/p - Ijyb
Aim: Ijyb, wielding a +0 dagger of holy wrath, wearing a +0 scale mail and carrying a wand of iceblast (9) (moderately wounded, 61% to hit)
You shoot an arrow. The arrow hits Ijyb.
Ijyb hits you with a +0 dagger of holy wrath.
* * * LOW HITPOINT WARNING * * *
You convulse.
* * * LOW HITPOINT WARNING * * *
Ijyb hits you but does no damage.
Fire: a) +0 shortbow {bow}
Press: ? - help, Q - select action, (/) - cycle Shift-Dir - straight line, f/p - Ijyb
Aim: Ijyb, wielding a +0 dagger of holy wrath, wearing a +0 scale mail and carrying a wand of iceblast (9) (heavily wounded, 61% to hit)
You shoot an arrow. The arrow hits Ijyb but does no damage.
Ijyb hits you with a +0 dagger of holy wrath.
* * * LOW HITPOINT WARNING * * *
You convulse.
* * * LOW HITPOINT WARNING * * *
Fire: a) +0 shortbow {bow}
Press: ? - help, Q - select action, (/) - cycle Shift-Dir - straight line, f/p - Ijyb
Aim: Ijyb, wielding a +0 dagger of holy wrath, wearing a +0 scale mail and carrying a wand of iceblast (9) (heavily wounded, 61% to hit)
You shoot an arrow. The arrow hits Ijyb but does no damage.
Ijyb hits you with a +0 dagger of holy wrath.
* * * LOW HITPOINT WARNING * * *
You convulse.
* * * LOW HITPOINT WARNING * * *
As you read the scroll labelled JEIRUA ATWEYKEWN, it crumbles to dust.
You feel strangely unstable.
It was a scroll of teleportation.
Ijyb barely misses you. Ijyb attacks as you move away!
Ijyb hits you but does no damage.
Ijyb zaps a wand.
The mass of ice explodes!
The iceblast engulfs you! You partially resist.
You die...

Skill      XL: |  1  2  3  4  5  6 |
---------------+-------------------+-----
Dodging        | 2 3 |  3.6
Fighting       | 3 4 |  4.4
Ranged Weapons | 4 5 |  5.8
Stealth        | |  0.7

Action                     |  1- 3 |  4- 6 |  7- 9 || total
---------------------------+-------+-------+-------++-------
   Fire: Shortbow          |    89 |    67 |    43 ||   199
    Use: Scroll            |       |       |     1 ||     1
 Armour: Leather armour    |     9 |     6 |    11 ||    26
  Dodge: Dodged            |    27 |    51 |    37 ||   115

Levels and vault maps discovered:
D:1:      scummos_arrival_forest, layout_loops_corners, serial_shops,
          nicolae_shop_overgrown_old_shop,
          nicolae_shop_temple_entry_statues_fountains, shop, shop,
          nicolae_shop_behind_doors
D:2:      layout_loops_ring
D:3:      layout_loops_ring, minitemple, serial_shops, shop_statue,
          wad_floor_pattern_1
D:4:      layout_loops_ring, makhleb_altar_promises_db, serial_shops,
          shop_statue, minmay_misc_feat_plants, uniq_edmund, uniq_natasha,
          uniq_grinder, uniq_ijyb
D:5:      layout_basic, chequers_big_river, minmay_gold_behind_fungi
D:6:      minmay_clustersquares, layout_basic, temple_statues

Notes
Turn   | Place    | Note
-------+----------+-------------------------------------------
     0 | D:1      | Sobieck the Mummy Hunter began the quest for the Orb.
     0 | D:1      | Reached XP level 1. HP: 16/16 MP: 1/1
   179 | D:1      | Found Vuawn's Book Shop.
   191 | D:1      | Found Niwi's Jewellery Emporium.
   216 | D:1      | Found Itzega Abli's Book Emporium.
   272 | D:1      | Found Udakhlil's Assorted Antiques.
   274 | D:1      | Reached XP level 2. HP: 22/22 MP: 2/2
   283 | D:1      | Bought a scroll labelled JEIRUA ATWEYKEWN for 20 gold
                  | pieces
   789 | D:1      | Found Giheowna's Book Shoppe.
   823 | D:2      | Reached skill level 2 in Dodging
   906 | D:2      | You pick up a book of Callings and begin reading...
   906 | D:2      | You add the spells Summon Small Mammal, Call Canine
                  | Familiar and Summon Guardian Golem to your library.
  1154 | D:2      | Gained mutation: You are in touch with the powers of death.
                  | [Mummy growth]
  1154 | D:2      | Reached XP level 3. HP: 28/28 MP: 3/3
  1549 | D:3      | Found a shadowy altar of Dithmenos.
  1550 | D:3      | Found a bloodstained altar of Trog.
  1559 | D:3      | You fall into a shaft and drop 2 floors!
  1559 | D:5      | Entered Level 5 of the Dungeon
  1600 | D:5      | Noticed an ogre
  1663 | D:6      | Noticed an ice beast
  1676 | D:6      | Killed an ice beast
  1677 | D:6      | Reached skill level 3 in Fighting
  1677 | D:6      | Reached skill level 4 in Ranged Weapons
  1677 | D:6      | Reached XP level 4. HP: 29/35 MP: 4/4
  1677 | D:6      | Reached XP level 5. HP: 35/41 MP: 5/5
  1920 | D:6      | Noticed an ogre
  1921 | D:6      | HP: 6/41 [scorpion (7)]
  1926 | D:5      | HP: 6/41 [scorpion (1)]
  1928 | D:5      | Reached skill level 3 in Dodging
  1928 | D:5      | Reached XP level 6. HP: 8/48 MP: 6/6
  1964 | D:5      | HP: 1/48 [ogre/+0 giant spiked club (18)]
  1968 | D:5      | Reached skill level 5 in Ranged Weapons
  2124 | D:5      | Reached skill level 4 in Fighting
  2428 | D:5      | Reached XP level 7. HP: 29/54 MP: 7/7
  2679 | D:4      | You pick up a book of Dangerous Friends and begin
                  | reading...
  2679 | D:4      | You add the spells Orb of Destruction and Spellforged
                  | Servitor to your library.
  2708 | D:4      | You pick up a book of Burglary and begin reading...
  2708 | D:4      | You add the spells Passwall, Ensorcelled Hibernation and
                  | Swiftness to your library.
  2710 | D:4      | Noticed Natasha
  2720 | D:4      | Killed Natasha
  2793 | D:4      | Noticed Ijyb
  2819 | D:4      | HP: 11/55 [Ijyb/+0 dagger of holy wrath (3)]
  2820 | D:4      | HP: 5/55 [Ijyb/+0 dagger of holy wrath (2)]
  2824 | D:4      | Killed from afar by Ijyb

Vanquished Creatures
  An ice beast (D:6)
  A black bear (D:5)
  A centaur (D:4)
  An ogre (D:5)
  4 scorpions
  A sleepcap (D:4)
  Natasha (D:4)
  3 adders
  A dart slug (D:3)
  2 orcs
  5 bats (D:1)
  2 endoplasms (D:2)
  3 giant cockroaches
  7 goblins
  A hobgoblin (D:1)
  4 ball pythons
  A frilled lizard (D:1)
  4 kobolds
  4 rats (D:1)
47 creatures vanquished.

Vanquished Creatures (others)
  2 plants (D:5)
  4 toadstools (D:5)
6 creatures vanquished.

Grand Total: 53 creatures vanquished

Table legend:
 A = Non-vault XP
 B = Vault XP
 C = Vault XP percentage of total XP
 D = Non-vault monster count
 E = Vault monster count
 F = Vault count percentage of total count
                 A         B        C        D         E       F
            +---------+---------+-------+---------+---------+-------
      Total |     946 |      35 |   3.6 |      46 |       1 |   2.1
            +---------+---------+-------+---------+---------+-------
        D:1 |      26 |       0 |   0.0 |      17 |       0 |   0.0
        D:2 |      37 |       0 |   0.0 |      14 |       0 |   0.0
        D:3 |       4 |       0 |   0.0 |       1 |       0 |   0.0
        D:4 |     160 |      35 |  17.9 |       4 |       1 |  20.0
        D:5 |     414 |       0 |   0.0 |       6 |       0 |   0.0
        D:6 |     305 |       0 |   0.0 |       4 |       0 |   0.0
            +---------+---------+-------+---------+---------+-------

Illustrated notes

Table legend:
 A = Kills in this place as a percentage of kills in the entire game.
 B = Kills by you in this place as a percentage of kills by you in the entire game.
 C = Kills by friends in this place as a percentage of kills by friends in the entire game.
 D = Other kills in this place as a percentage of other kills in the entire game.
 E = Experience gained in this place as a percentage of experience gained in the entire game.
 F = Experience gained in this place divided by the number of levels of this place that you have seen.
                   A       B       C       D       E      F
               +-------+-------+-------+-------+-------+----------------------
         Total | 100.0 | 100.0 |   N/A |   N/A | 100.0 | 163.5
       Dungeon | 100.0 | 100.0 |   N/A |   N/A | 100.0 | 163.5
               +-------+-------+-------+-------+-------+----------------------

Table legend: (Time is in decaauts)
 A = Elapsed time spent in this place.
 B = Non-inter-level travel time spent in this place.
 C = Inter-level travel time spent in this place.
 D = Time resting spent in this place.
 E = Time spent auto-exploring this place.
 F = Levels seen in this place.
 G = Mean time per level.
                   A        B        C        D        E       F      G
               +--------+--------+--------+--------+--------+-----+--------+
         Total |   2889 |   2838 |     51 |    680 |   1621 |   6 |  481.5 |
       Dungeon |   2889 |   2838 |     51 |    680 |   1621 |   6 |  481.5 |
               +--------+--------+--------+--------+--------+-----+--------+

Top non-repeatable levels by time:
     D:1: 825 daAuts
     D:5: 787 daAuts
     D:2: 682 daAuts
     D:6: 316 daAuts
     D:4: 198 daAuts
     D:3: 80 daAuts
